 Dungeon Crawl Stone Soup version 0.21.1-1-g345015f (webtiles) character file.

83 empire the Ducker (level 4, -1/38 HPs)
             Began as a Gnoll Gladiator on Apr 4, 2018.
             Killed by nerve-wracking pain
             ... invoked by SpeedyPerson7's ghost
              (14 damage)
             ... on level 3 of the Dungeon.
             The game lasted 00:02:48 (1927 turns).

empire the Ducker (Gnoll Gladiator)                 Turns: 1927, Time: 00:02:49

Health: -1/38      AC:  4    Str: 22    XL:     4   Next: 44%
Magic:  5/5        EV: 13    Int: 10    God:
Gold:   94         SH:  9    Dex: 17    Spells: 5/5 levels left

rFire    . . .     SeeInvis .   a - +0 war axe
rCold    . . .     Gourm    .   i - +0 shield
rNeg     . . .     Faith    .   b - +0 leather armour
rPois    .         Spirit   .   c - +0 helmet
rElec    .         Reflect  .   (no cloak)
rCorr    .         Harm     .   (no gloves)
MR       .....                  (no boots)
Stlth    ++........             (no amulet)
HPRegen  0.12/turn              (no ring)
MPRegen  0.09/turn              (no ring)

@: mighty, lethally poisoned (-1 -> -2)
A: distributed training, fangs 1, strong nose
a: no special abilities


You were on level 3 of the Dungeon.
You were not hungry.

You visited 1 branch of the dungeon, and saw 3 of its levels.

You collected 94 gold pieces.

Inventory:

Hand Weapons
 a - a +0 war axe (weapon)
Missiles
 d - 3 throwing nets (quivered)
 e - 26 arrows
Armour
 b - a +0 leather armour (worn)
 c - a +0 helmet (worn)
 i - a +0 shield (worn)
Wands
 o - a wand of enslavement (16)
Scrolls
 g - 2 scrolls of identify {unknown}
 k - a scroll of teleportation {unknown}
 m - a scroll of blinking {unknown}
 n - a scroll of amnesia {unknown}
 p - 2 scrolls of fog {unknown}
 r - a scroll of remove curse {unknown}
Potions
 h - a potion of brilliance {unknown}
 j - a potion of invisibility {unknown}
 q - a potion of might
Comestibles
 f - 4 rations


   Skills:
 + Level 4.6 Fighting
 + Level 1.1 Short Blades
 + Level 1.1 Long Blades
 + Level 6.6 Axes
 + Level 1.1 Maces & Flails
 + Level 1.1 Polearms
 + Level 1.1 Staves
 + Level 1.1 Slings
 + Level 1.1 Bows
 + Level 1.1 Crossbows
 + Level 4.6 Throwing
 + Level 1.1 Armour
 + Level 6.6 Dodging
 + Level 1.1 Stealth
 + Level 1.1 Shields
 + Level 1.1 Unarmed Combat
 + Level 1.1 Spellcasting
 + Level 0.8 Conjurations
 + Level 0.8 Hexes
 + Level 0.8 Charms
 + Level 0.8 Summonings
 + Level 0.8 Necromancy
 + Level 0.8 Translocations
 + Level 0.8 Transmutations
 + Level 0.8 Fire Magic
 + Level 0.8 Ice Magic
 + Level 0.8 Air Magic
 + Level 0.8 Earth Magic
 + Level 0.8 Poison Magic
 + Level 1.2 Invocations
 + Level 1.1 Evocations


You had 5 spell levels left.
You didn't know any spells.

Dungeon Overview and Level Annotations

Branches:
Dungeon (3/15)

Altars:
Ru
Vehumet

Annotations:
D:3 SpeedyPerson7's ghost, weakling GnNe


Innate Abilities, Weirdness & Mutations

Your experience applies equally to all skills.
You have very sharp teeth.
Your uncanny sense of smell can sniff out nearby items.


Message History

You feel sick.
Found 14 gold pieces.
Your shield prevents you from hitting the giant cockroach.
The giant cockroach is almost dead.
The giant cockroach closely misses you.
The giant cockroach completely misses you.
SpeedyPerson7's ghost turns its malevolent gaze towards you.
You slash the giant cockroach!
You kill the giant cockroach!
You hear a shout! x2
SpeedyPerson7's ghost points at you and mumbles some strange words.
Pain shoots through your body!
You feel sick.
SpeedyPerson7's ghost points at you and mumbles some strange words.
You barely resist.
It was a potion of might.
You feel very mighty all of a sudden.
SpeedyPerson7's ghost casts a spell at you.
Pain shoots through your body!
You die...

# ..# .#.###.##### ##.#
............ ...#
........#..####..####
......#..#........#
.....?....##..##.# ..#
.#..##..####..##.#
.....#..##..####[.##.#
#........@...........#
##..⌠...##.†####..##.#####
+....W.....†......##......
..PP...###..####.###.#####
.P≈≈P.. #...###.###.#####
..PP... #.#..............
$...... #.#.##.####.#####
##..##. #.#.##. #...# #.
.# ###.#


You could see SpeedyPerson7's ghost.

Vanquished Creatures
  3 adders
  A worm (D:2)
  A dart slug (D:2)
  5 leopard geckos
  3 giant cockroaches
  3 hobgoblins
  4 kobolds
  2 ball pythons (D:2)
  7 bats
  7 frilled lizards
  5 goblins (D:1)
  10 rats
51 creatures vanquished.

Notes
Turn   | Place    | Note
-------+----------+-------------------------------------------
     0 | D:1      | empire the Gnoll Gladiator began the quest for the Orb.
     0 | D:1      | Reached XP level 1. HP: 20/20 MP: 1/1
   118 | D:1      | Reached XP level 2. HP: 26/26 MP: 2/2
   886 | D:1      | Reached XP level 3. HP: 31/31 MP: 3/3
  1125 | D:2      | Reached skill level 1 in Invocations
  1251 | D:2      | Found a radiant altar of Vehumet.
  1317 | D:2      | Reached skill level 1 in Short Blades
  1317 | D:2      | Reached skill level 1 in Long Blades
  1317 | D:2      | Reached skill level 1 in Maces & Flails
  1317 | D:2      | Reached skill level 1 in Polearms
  1317 | D:2      | Reached skill level 1 in Staves
  1317 | D:2      | Reached skill level 1 in Slings
  1317 | D:2      | Reached skill level 1 in Bows
  1317 | D:2      | Reached skill level 1 in Crossbows
  1317 | D:2      | Reached skill level 1 in Armour
  1317 | D:2      | Reached skill level 1 in Stealth
  1317 | D:2      | Reached skill level 1 in Shields
  1317 | D:2      | Reached skill level 1 in Unarmed Combat
  1317 | D:2      | Reached skill level 1 in Spellcasting
  1317 | D:2      | Reached skill level 1 in Evocations
  1464 | D:2      | Found a sacrificial altar of Ru.
  1488 | D:2      | Reached XP level 4. HP: 38/38 MP: 5/5
  1921 | D:3      | Noticed SpeedyPerson7's ghost (weakling GnNe)
  1927 | D:3      | Killed from afar by SpeedyPerson7's ghost

Skill      XL: |  1  2  3 |
---------------+----------+-----
Invocations    | 1 |  1.2
Short Blades   | 1 |  1.1
Long Blades    | 1 |  1.1
Maces & Flails | 1 |  1.1
Polearms       | 1 |  1.1
Staves         | 1 |  1.1
Slings         | 1 |  1.1
Bows           | 1 |  1.1
Crossbows      | 1 |  1.1
Armour         | 1 |  1.1
Stealth        | 1 |  1.1
Shields        | 1 |  1.1
Unarmed Combat | 1 |  1.1
Spellcasting   | 1 |  1.1
Evocations     | 1 |  1.1
Fighting       | |  4.6
Axes           | |  6.6
Throwing       | |  4.6
Dodging        | |  6.6
Conjurations   | |  0.8
Hexes          | |  0.8
Charms         | |  0.8
Summonings     | |  0.8
Necromancy     | |  0.8
Translocations | |  0.8
Transmutations | |  0.8
Fire Magic     | |  0.8
Ice Magic      | |  0.8
Air Magic      | |  0.8
Earth Magic    | |  0.8
Poison Magic   | |  0.8

Action                   |  1- 3 |  4- 6 || total
-------------------------+-------+-------++-------
Melee: War axe           |    99 |    34 ||   133
       Bite              |    10 |     3 ||    13
  Use: Potion            |       |     1 ||     1
 Stab: Sleeping          |     3 |     1 ||     4
  Eat: Chunk             |     2 |     1 ||     3
Armor: Leather armour    |    15 |     9 ||    24
Dodge: Dodged            |    68 |    20 ||    88
Block: Shield            |    18 |    10 ||    28
